 Dungeon Crawl Stone Soup version 0.30-b1-2-g02819fbbbe (webtiles) character file.

Game seed: 9334392173104799623

18517 raph the Grappler (level 12, -3/113 HPs)
             Began as a Troll Warper on June 27, 2023.
             Was an Initiate of Gozag.
             Slain by a komodo dragon (15 damage)
             ... on level 3 of the Lair of Beasts.
             The game lasted 00:21:15 (14078 turns).

raph the Grappler (Troll Warper)                   Turns: 14078, Time: 00:21:15

Health: -3/113     AC:  8    Str: 22    XL:     12   Next: 28%
Magic:  17/17      EV: 12    Int: 11    God:    Gozag
Gold:   1386       SH:  0    Dex: 17    Spells: 3/19 levels left

rFire   + .          .
                       - Unarmed
rCold   + . .        (no shield)
rNeg    . . .        u - +2 robe {Will+}
rPois   .            (helmet restricted)
rElec   .            y - +1 cloak "Xoch" {Rampage Drain Will+ Dex+6}
rCorr   .            (gloves unavailable)
SInv    .            (boots unavailable)
Will    ++...        (no amulet)
Stlth   ++           f - ring of protection from fire
HPRegen 1.18/turn    x - ring of protection from cold
MPRegen 0.15/turn

%: rampage
@: gold aura
A: large, unfitting armour, claws 3, regeneration 1, shaggy fur 1, tough skin 1
a: Renounce Religion, Potion Petition, Call Merchant, Bribe Branch


You were on level 3 of the Lair of Beasts.
You worshipped Gozag.
Gozag was most pleased with you.
You visited 3 branches of the dungeon, and saw 13 of its levels.
You also visited: Sewer.

You collected 2117 gold pieces.
You paid 731 gold pieces to Gozag.

Inventory:

Hand Weapons
 m - a +0 morningstar
 B - a +3 morningstar of freezing
Missiles
 c - 7 boomerangs of dispersal
 k - 4 curare-tipped darts (quivered)
 K - 13 boomerangs
 M - a throwing net
Armour
 a - a +1 robe
 u - a +2 robe of willpower (worn)
 y - the +1 cloak "Xoch" (worn) {Rampage Drain Will+ Dex+6}
   (You found it on level 4 of the Dungeon)

   Dex:       It affects your dexterity (+6).
   Drain:     It drains your maximum health when unequipped.
   Rampage:   It bestows one free step when moving towards enemies.
   Will:      It increases your willpower.
Jewellery
 f - a ring of protection from fire (left claw)
 o - a ring of poison resistance
 p - an amulet of faith
 x - a ring of protection from cold (right claw)
Wands
 n - a wand of iceblast (2)
 G - a wand of quicksilver (6)
 H - a wand of flame (14)
 J - a wand of digging (2)
Scrolls
 b - 2 scrolls of blinking
 d - 2 scrolls of enchant weapon
 e - 2 scrolls of enchant armour
 h - 4 scrolls of fog
 i - 2 scrolls of silence
 j - 3 scrolls of amnesia
 A - 8 scrolls of teleportation
 E - a scroll of brand weapon
 F - 2 scrolls of identify
 I - a scroll of fear
 N - a scroll of poison
 O - a scroll of magic mapping
Potions
 g - 3 potions of lignification
 l - 4 potions of attraction
 q - 4 potions of curing
 r - a potion of magic
 s - 4 potions of haste
 t - 4 potions of resistance
 v - 7 potions of flight
 z - 3 potions of brilliance
 C - 2 potions of ambrosia
 D - 6 potions of mutation
Miscellaneous
 L - a phantom mirror


   Skills:
 + Level 5.7 Fighting
 + Level 3.2 Throwing
 + Level 5.1 Dodging
 * Level 10.2 Unarmed Combat
 + Level 4.3 Spellcasting
 * Level 8.0 Translocations
 * Level 6.6 Air Magic


You had 3 spell levels left.
You knew the following spells:

 Your Spells              Type           Power      Damage    Failure   Level
a - Blink                 Tloc           40%        N/A       1%          2
b - Vhi's Electric Charg  Tloc/Air       36%        N/A       3%          3
c - Teleport Other        Tloc           20%        N/A       2%          3
d - Apportation           Tloc           40%        N/A       1%          1
e - Swiftness             Air            17%        N/A       4%          3
f - Manifold Assault      Tloc           20%        N/A       9%          4

Your spell library contained the following spells:

 Spells                   Type           Power      Damage    Failure   Level
 Lesser Beckoning         Tloc           40%        N/A       1%          2
 Sting                    Tmut/Pois      8%         1d3       22%         1
 Ensorcelled Hibernation  Hex/Ice        4%         N/A       34%         2
 Passwall                 Tmut/Erth      1%         N/A       34%         2
 Alistair's Intoxication  Tmut/Pois      1%         N/A       99%         5


Dungeon Overview and Level Annotations

Branches:
Dungeon (9/15)             Temple (1/1) D:6            Lair (3/5) D:9
  Sewer (visited)
  Swamp: Lair:2-3    Shoals: Lair:2-3     Snake: Lair:2-3    Spider: Lair:2-3
    Orc: D:9-12

Altars:
Ashenzari
Cheibriados
Dithmenos
Elyvilon
Fedhas
Gozag
Hepliaklqana
Kikubaaqudgha
Makhleb
Nemelex Xobeh
Okawaru
Qazlal
Ru
Sif Muna
Trog
Uskayaw
Vehumet
Wu Jian
Xom
Yredelemnul
Zin
The Shining One

Shops:
D:3 :


Innate Abilities, Weirdness & Mutations

You are too large for most types of armour.
You have claws for hands.
Your natural rate of healing is unusually fast.
You are covered in fur. (AC +1)
You have tough skin. (AC +1)


Message History

The black mamba bites you. The black mamba barely misses you.
You scratch the black mamba.
The black mamba is lightly wounded.
You feel sick. The black mamba closely misses you.
You scratch the black mamba.
The black mamba is moderately wounded.
You feel sick. The black mamba bites you.
You are more poisoned.
The black mamba poisons you! The black mamba misses you.
You claw the black mamba!
The black mamba is heavily wounded.
You feel very sick. The black mamba bites you.
You are too injured to fight recklessly!
You are too injured to fight recklessly!
You are too injured to fight recklessly!
You are too injured to fight recklessly!
You are too injured to fight recklessly!
You are too injured to fight recklessly!
You barely miss the black mamba.
The black mamba is heavily wounded.
You feel very sick. The black mamba bites you!
* * * LOW HITPOINT WARNING * * *
You are more poisoned.
The black mamba poisons you! The komodo dragon closely misses you.
You completely miss the black mamba.
The black mamba is heavily wounded.
* * * LOW HITPOINT WARNING * * *
You feel extremely sick. The black mamba bites you!
* * * LOW HITPOINT WARNING * * *
You are more poisoned.
The black mamba poisons you! The black mamba barely misses you.
The komodo dragon bites you!
* * * LOW HITPOINT WARNING * * *
You feel better. The black mamba closely misses you.
The komodo dragon bites you!
You die...
Your body crumbles into a pile of gold.

#...... .P .
#.....# ...
..##.....# #.# ..
.........##.####..
..................
..................
......$.......[...
......S@..........
......l...........
..................
#P.................
####......#....##..
#......#####.....
..+......#....P..
###...........#...
#.....#.....#...


You could see a komodo dragon and a black mamba.

Vanquished Creatures
  Harold (Lair:1)
  A boulder beetle (Lair:1)
  4 death yaks
  A cyclops (D:9)
  Joseph (D:7)
  A torpor snail (Lair:1)
  4 cane toads
  A rime drake (Lair:1)
  3 komodo dragons
  A polar bear (Lair:2)
  5 blink frogs
  31 yaks
  2 wyverns
  2 basilisks
  4 water moccasins
  6 black bears
  2 orc warriors (D:8)
  An ice beast (D:6)
  An ogre (D:6)
  12 wolves (Lair:2)
  2 centaurs
  2 kobold brigands (D:7)
  10 bullfrogs
  A gnoll sergeant (D:6)
  6 scorpions
  15 wights
  5 killer bees (D:9)
  An electric eel (D:7)
  3 howler monkeys
  3 jellies
  2 hounds
  5 orc priests
  Crazy Yiuf (D:7)
  A sleepcap (D:6)
  6 orc wizards
  6 iguanas
  7 gnolls
  9 adders
  5 river rats (Sewer)
  2 white imps
  An ufetubus (D:6)
  A dart slug (D:1)
  30 orcs
  5 bats
  7 endoplasms
  5 giant cockroaches
  6 goblins
  6 hobgoblins
  5 jackals
  20 kobolds
  5 quokkas
  10 ball pythons
  10 frilled lizards
  17 rats
304 creatures vanquished.

Vanquished Creatures (others)
  A white imp (D:7)
  47 fungi
  82 plants
130 creatures vanquished.

Grand Total: 434 creatures vanquished

Notes
Turn   | Place    | Note
-------+----------+-------------------------------------------
     0 | D:1      | raph the Troll Warper began the quest for the Orb.
     0 | D:1      | Reached XP level 1. HP: 19/19 MP: 1/1
    94 | D:1      | Reached XP level 2. HP: 25/27 MP: 2/2
   363 | D:1      | Reached XP level 3. HP: 33/33 MP: 3/3
   366 | D:1      | Learned a level 2 spell: Blink
   512 | D:1      | Found a faded altar of an unknown god.
   841 | D:1      | Reached skill level 3 in Unarmed Combat
  1416 | D:2      | Reached XP level 4. HP: 41/41 MP: 4/4
  1420 | D:2      | Learned a level 3 spell: Vhi's Electric Charge
  1810 | D:3      | Found Dekket's Vocational Training.
  1958 | D:3      | You fall into a shaft and drop 1 floor!
  1965 | D:4      | Noticed a scorpion
  1976 | D:4      | Killed a scorpion
  1977 | D:4      | Reached XP level 5. HP: 49/49 MP: 4/6
  2007 | D:4      | Identified the +1 cloak "Xoch" {Rampage Drain Will+ Dex+6}
  2025 | D:4      | Found a glowing drain.
  2040 | Sewer    | Entered a sewer
  2104 | Sewer    | Reached skill level 1 in Air Magic
  2388 | D:4      | Reached skill level 4 in Unarmed Combat
  2393 | D:4      | Reached XP level 6. HP: 57/57 MP: 7/7
  2397 | D:4      | Learned a level 3 spell: Teleport Other
  2414 | D:4      | Found a glowing golden altar of the Shining One.
  2416 | D:4      | Noticed an angel
  2701 | D:4      | Found a basalt altar of Yredelemnul.
  2703 | D:4      | Noticed a profane servitor
  2791 | D:4      | Found a hazy altar of Hepliaklqana.
  2855 | D:4      | Found a shimmering altar of Xom.
  2856 | D:4      | Noticed a spectral ugly thing
  3038 | D:3      | Found a white marble altar of Elyvilon.
  3416 | D:3      | Found a sacrificial altar of Ru.
  3416 | D:3      | Found a hide-covered altar of Uskayaw.
  3698 | D:4      | Reached XP level 7. HP: 66/66 MP: 4/8
  4019 | D:5      | Entered Level 5 of the Dungeon
  4210 | D:5      | Reached skill level 5 in Unarmed Combat
  4928 | D:6      | Reached XP level 8. HP: 68/74 MP: 10/10
  5530 | D:6      | Reached skill level 6 in Unarmed Combat
  5558 | D:6      | Found a staircase to the Ecumenical Temple.
  5583 | Temple   | Entered the Ecumenical Temple
  5655 | Temple   | Became a worshipper of Gozag Ym Sagoz the Greedy
  5882 | D:6      | Reached skill level 5 in Translocations
  6089 | D:7      | Reached XP level 9. HP: 62/83 MP: 9/11
  6146 | D:7      | Found a snail-covered altar of Cheibriados.
  6238 | D:7      | Noticed Joseph
  6244 | D:7      | Killed Joseph
  6563 | D:7      | Found a runed translucent door.
  6564 | D:7      | Noticed Crazy Yiuf
  6626 | D:7      | Found a shimmering blue altar of Sif Muna.
  6642 | D:7      | Got Sif Muna's Handbook of Evolution
  6800 | D:7      | Killed Crazy Yiuf
  7025 | D:7      | Learned a level 1 spell: Apportation
  7085 | D:8      | Found a shadowy altar of Dithmenos.
  7191 | D:8      | Reached skill level 7 in Unarmed Combat
  7782 | D:9      | Reached XP level 10. HP: 91/92 MP: 13/13
  7929 | D:9      | Learned a level 3 spell: Swiftness
  8024 | D:9      | Found a staircase to the Lair.
  8706 | D:9      | Reached skill level 8 in Unarmed Combat
  8823 | D:9      | Reached skill level 5 in Air Magic
  9214 | D:9      | Noticed a cyclops
  9222 | D:9      | Killed a cyclops
  9725 | D:9      | Noticed a lindwurm
  9739 | D:9      | Noticed a lindwurm
  9767 | D:9      | Noticed a lindwurm
  9797 | D:9      | Noticed a lindwurm
  9817 | Lair:1   | Entered Level 1 of the Lair of Beasts
  9817 | Lair:1   | Noticed Harold
  9822 | Lair:1   | Killed Harold
  9952 | Lair:1   | Reached XP level 11. HP: 88/101 MP: 15/15
 10223 | Lair:1   | Noticed a boulder beetle
 10236 | Lair:1   | Killed a boulder beetle
 10237 | Lair:1   | Reached skill level 5 in Fighting
 10237 | Lair:1   | Reached skill level 1 in Throwing
 10312 | Lair:1   | Reached skill level 9 in Unarmed Combat
 10329 | Lair:1   | Learned a level 4 spell: Manifold Assault
 10610 | Lair:1   | HP: 3/104 [basilisk (12)]
 12960 | Lair:2   | Noticed a death yak
 12961 | Lair:2   | Noticed a death yak
 12961 | Lair:2   | Noticed a death yak
 12961 | Lair:2   | Noticed a death yak
 13011 | Lair:1   | Killed a death yak
 13251 | Lair:2   | Reached XP level 12. HP: 54/111 MP: 13/17
 13378 | Lair:2   | Killed a death yak
 13379 | Lair:2   | Reached skill level 5 in Dodging
 13380 | Lair:2   | Reached skill level 10 in Unarmed Combat
 13386 | Lair:2   | Killed a death yak
 13405 | Lair:2   | Killed a death yak
 14077 | Lair:3   | HP: 5/113 [komodo dragon (9)]
 14078 | Lair:3   | Slain by a komodo dragon

Illustrated notes

Levels and vault maps discovered:
D:1:      nicolae_arrival_washed_ashore, layout_basic,
          shapermc_ecumenical_altar_venn
D:2:      minmay_general_purpose_star, layout_rooms, minmay_rat_gold_closets
D:3:      layout_loops_ring, mainiacjoe_overflow_boulevard,
          gammafunk_temple_overflow_elements, nicolae_shop_vocational
D:4:      layout_loops_corners, grunt_temple_overflow_holy_war,
          regret_index_temple_of_mockery, cheibrodos_sewer_entry_sluice,
          minmay_diced_spiral
D:5:      layout_basic
D:6:      layout_gridville, minmay_temple_entry_glassed_door,
          grunt_ministairs_5, corexii_shack, hellmonk_bongcloud_opening
D:7:      layout_rooms, mainiacjoe_overflow_catwalk, led_sif_book,
          eino_tiny_chamber, nrook_pool_corridor, uniq_crazy_yiuf_cottage,
          uniq_joseph
D:8:      layout_loops_ring, general_overflow_altar
D:9:      layout_basic, due_lair_maze_entry_diamond, minmay_lindwurm_lava
Temple:   nicolae_temple_x_marks_the_god
Lair:1:   layout_small_grid, serial_forest, infiniplex_forest_clump_small,
          infiniplex_forest_lined_2, infiniplex_forest_lined_room_,
          infiniplex_forest_clump_C, infiniplex_forest_clump_medium,
          infiniplex_forest_join, infiniplex_forest_end_2,
          infiniplex_forest_straight_5, infiniplex_forest_zigzag_1, uniq_harold
Lair:2:   layout_chaotic_city, wad_woods_river_01, lemuel_fruit_tree
Lair:3:   layout_regular_city, shoals_dummy_entry, nicolae_snake_entry_squirm,
          grunt_forest_large_clearings

Skill      XL: |  1  2  3  4  5  6  7  8  9 10 11 12 |
---------------+-------------------------------------+-----
Unarmed Combat | 3 4 5 6 7 8 9 10 | 10.2
Translocations | 3 4 5 6 7 8 |  8.0
Air Magic      | 1 2 3 4 5 6 |  6.6
Fighting       | 2 3 4 5 |  5.7
Spellcasting   | 2 3 4 |  4.3
Dodging        | 2 3 4 5 |  5.1
Throwing       | 2 3 |  3.2

Action                     |  1- 3 |  4- 6 |  7- 9 | 10-12 || total
---------------------------+-------+-------+-------+-------++-------
  Melee: Unarmed           |   121 |   146 |   260 |   554 ||  1081
         Punch             |     2 |     7 |    16 |    38 ||    63
  Throw: Dart              |       |     2 |       |     2 ||     4
         Boomerang         |       |       |       |     1 ||     1
   Cast: Vhi's Electric Ch |       |     1 |    23 |    27 ||    51
         Blink             |       |     1 |     6 |     7 ||    14
         Teleport Other    |       |       |     1 |       ||     1
         Manifold Assault  |       |       |       |     5 ||     5
         Swiftness         |       |       |       |     2 ||     2
 Invoke: Potion Petition   |       |       |       |     2 ||     2
  Evoke: Wand              |       |       |       |     1 ||     1
    Use: Scroll            |       |    18 |     5 |     5 ||    28
         Potion            |       |       |       |     4 ||     4
   Stab: Sleeping          |     1 |     7 |     1 |       ||     9
         Distracted        |       |       |     3 |     5 ||     8
 Armour: Robe              |    46 |    38 |    85 |   145 ||   314
  Dodge: Dodged            |    44 |    50 |   105 |   286 ||   485
